 Dungeon Crawl Stone Soup version 0.31-a0-152-g6aa68a64a1 (webtiles) character file.

Game seed: 4995390046847034411

316 qw the Shooter (level 6, 0/57 HPs)
             Began as a Naga Hunter on June 10, 2023.
             Slain by a jackal (1 damage)
             ... on level 4 of the Dungeon.
             The game lasted 00:01:14 (2373 turns).

qw the Shooter (Naga Hunter)                        Turns: 2373, Time: 00:01:15

Health: 0/57       AC:  3    Str: 14    XL:     6   Next: 44%
Magic:  0/6        EV:  9    Int:  9    God:
Gold:   168        SH:  0    Dex: 16    Spells: 5/5 levels left

rFire   . . .        Y - +0 shortbow
rCold   . . .        (shield currently unavailable)
rNeg    + . .        c - +0 leather armour
rPois   +            (no helmet)
rElec   .            (no cloak)
rCorr   .            (no gloves)
SInv    +            (no barding)
Will    .....        d - amulet of guardian spirit
Stlth   ++           g - ring of positive energy
HPRegen 0.29/turn    (no ring)
MPRegen 0.10/turn

%: guardian spirit
@: short of breath, very slow
A: AC +2, large, see invisible, deformed body, poison resistance, slowness 2,
spit poison 1, naga tail 1
a: Spit Poison


You were on level 4 of the Dungeon.
You visited 1 branch of the dungeon, and saw 4 of its levels.

You collected 168 gold pieces.


Innate Abilities, Weirdness & Mutations

Your serpentine skin is tough. (AC +2)
You have supernaturally acute eyesight. (SInv)
Armour fits poorly on your strangely shaped body.
Your system is resistant to poisons. (rPois)
You cover ground very slowly.
You can spit poison.
You have a snake-like lower body.


   Skills:
 + Level 3.9 Fighting
 - Level 6.1 Ranged Weapons
 - Level 1.5 Dodging
 - Level 1.5 Stealth


You had 5 spell levels left.
You didn't know any spells.
Your spell library was empty.

Inventory:

Hand Weapons
 Y - a +0 shortbow (weapon)
Armour
 c - a +0 leather armour (worn)
Jewellery
 d - an amulet of guardian spirit (around neck)
 g - a ring of positive energy (left hand)
Scrolls
 a - a scroll of identify

Dungeon Overview and Level Annotations

Branches:
Dungeon (4/15)
 Temple: D:4-7

Altars:
Qazlal
Ru
Uskayaw


Message History

Press: ? - help, Shift-Dir - straight line, f/p - orc The splash of poison hits the orc.
The orc is poisoned.
The orc is severely wounded.
A jackal comes into view.
The jackal bites you but does no damage.
The jackal closely misses you. The orc closely misses you.
The orc hits you with a +0 hand axe.
You shoot an arrow. The arrow hits the orc.
You kill the orc!
The jackal closely misses you.
The jackal bites you but does no damage.
The orc hits you with a +0 hand axe!
You shoot an arrow. The arrow hits the gnoll.
The gnoll is moderately wounded.
The jackal closely misses you.
The jackal bites you but does no damage.
The orc hits you with a +0 hand axe.
The gnoll hits you from afar with a +0 halberd.
The gnoll hits you with a +0 whip. The jackal closely misses you.
You shoot an arrow. The arrow hits the gnoll.
The gnoll is heavily wounded.
The jackal bites you. The orc barely misses you.
The gnoll hits you from afar with a +0 halberd!
The gnoll hits you with a +0 whip.
You shoot an arrow. The arrow hits the gnoll!
You kill the gnoll!
You have got your breath back.
The orc hits you with a +0 hand axe. The gnoll barely misses you.
The jackal bites you but does no damage.
The jackal barely misses you.
2373 ||| INVOKING Spit Poison.
Aiming: Spit Poison (1% risk of failure)
Press: ? - help, Shift-Dir - straight line, f - jackal The splash of poison hits the jackal but does no damage.
The jackal bites you but does no damage. x2
The orc hits you with a +0 hand axe.
The gnoll hits you from afar with a +0 halberd.
The jackal bites you but does no damage.
The jackal bites you.
You die...

#.## #..
#.# ##<#
#..# #.##
# #.#
#.#h###.#
#gh@....#
#.oh#####
#.g.#
...()#
###..##
#.. ...
#.?.


You could see 2 gnolls, an orc and 3 jackals.

Vanquished Creatures
  2 scorpions (D:3)
  An orc priest (D:3)
  An orc wizard (D:3)
  2 adders (D:2)
  2 gnolls
  A white imp (D:3)
  A worm (D:2)
  4 dart slugs (D:1)
  8 orcs
  7 ball pythons
  11 endoplasms
  6 goblins
  9 hobgoblins
  A jackal (D:4)
  4 quokkas
  3 frilled lizards (D:2)
  9 kobolds
  4 rats
76 creatures vanquished.

Notes
Turn   | Place    | Note
-------+----------+-------------------------------------------
     0 | D:1      | qw the Naga Hunter began the quest for the Orb.
     0 | D:1      | Reached XP level 1. HP: 19/19 MP: 1/1
     0 | D:1      | 0 ||| qw: Version: 0.2-a-123-gb51047a
     0 | D:1      | 0 ||| qw: Game counter: 3770
     0 | D:1      | 0 ||| qw: Always use a shield: true
     0 | D:1      | 0 ||| qw: God list: Okawaru
     0 | D:1      | 0 ||| qw: Allow faded altars: false
     0 | D:1      | 0 ||| qw: Do Orc after D:15 true
     0 | D:1      | 0 ||| qw: Do second Lair branch before Depths: true
     0 | D:1      | 0 ||| qw: Lair rune preference: random
     0 | D:1      | 0 ||| qw: Plans: Normal
     0 | D:1      | 0 ||| PLANNING D:1-11
    45 | D:1      | 45 ||| INVOKING Spit Poison.
    54 | D:1      | 54 ||| INVOKING Spit Poison.
    79 | D:1      | 79 ||| INVOKING Spit Poison.
    81 | D:1      | Reached skill level 4 in Ranged Weapons
    81 | D:1      | Reached XP level 2. HP: 14/26 MP: 2/2
    87 | D:1      | 87 ||| INVOKING Spit Poison.
   104 | D:1      | 104 ||| INVOKING Spit Poison.
   111 | D:1      | 111 ||| INVOKING Spit Poison.
   143 | D:1      | 143 ||| INVOKING Spit Poison.
   150 | D:1      | 150 ||| INVOKING Spit Poison.
   156 | D:1      | Found a faded altar of an unknown god.
   182 | D:1      | 182 ||| INVOKING Spit Poison.
   187 | D:1      | 187 ||| INVOKING Spit Poison.
   230 | D:1      | 230 ||| INVOKING Spit Poison.
   240 | D:1      | 240 ||| INVOKING Spit Poison.
   241 | D:1      | Reached XP level 3. HP: 32/32 MP: 3/3
   273 | D:1      | 273 ||| INVOKING Spit Poison.
   306 | D:1      | 306 ||| INVOKING Spit Poison.
   307 | D:1      | 307 ||| INVOKING Spit Poison.
   315 | D:1      | 315 ||| INVOKING Spit Poison.
   507 | D:1      | 507 ||| INVOKING Spit Poison.
   570 | D:1      | 570 ||| INVOKING Spit Poison.
   572 | D:1      | 572 ||| DROPPING ring of flight.
   573 | D:1      | 573 ||| UPGRADING to ring of positive energy.
   574 | D:1      | 574 ||| READING 4 scrolls labelled QIULIDDO SAYPN.
   575 | D:1      | 575 ||| READING 3 scrolls of identify.
   575 | D:1      | 575 ||| IDENTIFYING red potion
   576 | D:1      | 576 ||| DROPPING scroll of butterflies.
   577 | D:1      | 577 ||| DROPPING potion of invisibility.
   603 | D:2      | 603 ||| INVOKING Spit Poison.
   609 | D:2      | 609 ||| INVOKING Spit Poison.
   612 | D:2      | 612 ||| INVOKING Spit Poison.
   641 | D:2      | 641 ||| INVOKING Spit Poison.
   684 | D:2      | 684 ||| INVOKING Spit Poison.
   685 | D:2      | Reached skill level 5 in Ranged Weapons
   686 | D:2      | Reached XP level 4. HP: 39/39 MP: 4/4
   760 | D:2      | 760 ||| INVOKING Spit Poison.
   774 | D:2      | 774 ||| INVOKING Spit Poison.
   788 | D:2      | 788 ||| INVOKING Spit Poison.
   948 | D:2      | 948 ||| INVOKING Spit Poison.
  1013 | D:2      | 1013 ||| INVOKING Spit Poison.
  1024 | D:2      | 1024 ||| INVOKING Spit Poison.
  1125 | D:2      | 1125 ||| INVOKING Spit Poison.
  1129 | D:2      | 1129 ||| INVOKING Spit Poison.
  1132 | D:2      | 1132 ||| INVOKING Spit Poison.
  1442 | D:2      | 1442 ||| UPGRADING to amulet of guardian spirit.
  1447 | D:2      | 1447 ||| READING scroll labelled ZUMONA TALA.
  1448 | D:2      | 1448 ||| READING scroll labelled ALYQUR SIMICZO.
  1449 | D:2      | 1449 ||| DRINKING 2 clear potions.
  1450 | D:2      | 1450 ||| READING 2 scrolls of identify.
  1450 | D:2      | 1450 ||| IDENTIFYING ruby potion
  1451 | D:2      | 1451 ||| DROPPING potion of attraction.
  1488 | D:3      | 1488 ||| INVOKING Spit Poison.
  1520 | D:3      | 1520 ||| INVOKING Spit Poison.
  1529 | D:3      | 1529 ||| INVOKING Spit Poison.
  1534 | D:3      | 1534 ||| INVOKING Spit Poison.
  1540 | D:3      | 1540 ||| INVOKING Spit Poison.
  1544 | D:3      | Reached skill level 3 in Fighting
  1545 | D:3      | 1545 ||| INVOKING Spit Poison.
  1662 | D:3      | 1662 ||| INVOKING Spit Poison.
  1668 | D:3      | 1668 ||| INVOKING Spit Poison.
  1671 | D:3      | 1671 ||| INVOKING Spit Poison.
  1675 | D:3      | Reached XP level 5. HP: 19/49 MP: 0/5
  1678 | D:3      | 1678 ||| INVOKING Spit Poison.
  1680 | D:3      | HP: 8/49 [orc wizard/magic dart (7)]
  1681 | D:3      | 1681 ||| DRINKING potion of heal wounds.
  1682 | D:3      | 1682 ||| INVOKING Spit Poison.
  1734 | D:3      | 1734 ||| INVOKING Spit Poison.
  1738 | D:3      | 1738 ||| INVOKING Spit Poison.
  1742 | D:3      | 1742 ||| INVOKING Spit Poison.
  1901 | D:3      | Found a hide-covered altar of Uskayaw.
  1904 | D:3      | 1904 ||| INVOKING Spit Poison.
  1908 | D:3      | 1908 ||| INVOKING Spit Poison.
  1941 | D:3      | Found a sacrificial altar of Ru.
  1943 | D:3      | 1943 ||| INVOKING Spit Poison.
  1950 | D:3      | 1950 ||| INVOKING Spit Poison.
  1984 | D:3      | Found a stormy altar of Qazlal.
  1985 | D:3      | 1985 ||| INVOKING Spit Poison.
  1988 | D:3      | 1988 ||| INVOKING Spit Poison.
  1991 | D:3      | Reached skill level 6 in Ranged Weapons
  1991 | D:3      | Reached XP level 6. HP: 56/56 MP: 6/6
  2179 | D:3      | 2179 ||| READING 2 scrolls labelled FENKILL KIPAO.
  2180 | D:3      | 2180 ||| READING scroll labelled PAINTE DACWE.
  2281 | D:3      | 2281 ||| DRINKING 2 bubbling black potions.
  2282 | D:3      | 2282 ||| DROPPING scroll of immolation.
  2283 | D:3      | 2283 ||| DROPPING potion of magic.
  2306 | D:4      | 2306 ||| INVOKING Spit Poison.
  2310 | D:4      | 2310 ||| STAIRDANCE
  2312 | D:3      | 2312 ||| INVOKING Spit Poison.
  2354 | D:4      | 2354 ||| INVOKING Spit Poison.
  2360 | D:4      | 2360 ||| INVOKING Spit Poison.
  2365 | D:4      | 2365 ||| INVOKING Spit Poison.
  2368 | D:4      | 2368 ||| INVOKING Spit Poison.
  2371 | D:4      | HP: 12/57 [gnoll/+0 halberd (6)]
  2373 | D:4      | 2373 ||| INVOKING Spit Poison.
  2373 | D:4      | HP: 5/57 [orc/+0 hand axe (2)]
  2373 | D:4      | HP: 1/57 [gnoll/+0 halberd (4)]
  2373 | D:4      | Slain by a jackal

Levels and vault maps discovered:
D:1:      shiori_arrival_maze, layout_basic,
          hellmonk_ecumenical_altar_heavens_door
D:2:      minmay_spotlight, layout_basic, nrook_mini_vaults,
          kennysheep_big_empty_room, corner_web_ring
D:3:      cheibrodos_pilgrimage, layout_rooms, nicolae_ru_sacrificial_ziggurat,
          mainiacjoe_overflow_alcove_4, eat_drink_and_be_merry_uskayaw
D:4:      layout_loops_ring, nicolae_elyvilon_temple_path, uniq_pargi,
          uniq_menkaure, uniq_eustachio

Skill      XL: |  1  2  3  4  5 |
---------------+----------------+-----
Ranged Weapons | 4 5 6 |  6.1
Fighting       | 3 |  3.9
Dodging        | |  1.5
Stealth        | |  1.5

Action                     |  1- 3 |  4- 6 || total
---------------------------+-------+-------++-------
   Fire: Shortbow          |    55 |   111 ||   166
Ability: Spit Poison       |    22 |    36 ||    58
    Use: Scroll            |     2 |     5 ||     7
         Potion            |       |     3 ||     3
 Armour: Leather armour    |     3 |    18 ||    21
  Dodge: Dodged            |     7 |    44 ||    51

Table legend:
 A = Non-vault XP
 B = Vault XP
 C = Vault XP percentage of total XP
 D = Non-vault monster count
 E = Vault monster count
 F = Vault count percentage of total count
                 A         B        C        D         E       F
            +---------+---------+-------+---------+---------+-------
      Total |     348 |     104 |  23.0 |      66 |      10 |  13.2
            +---------+---------+-------+---------+---------+-------
        D:1 |      58 |       3 |   4.9 |      22 |       2 |   8.3
        D:2 |      46 |      16 |  25.8 |      18 |       3 |  14.3
        D:3 |     216 |      85 |  28.2 |      20 |       5 |  20.0
        D:4 |      28 |       0 |   0.0 |       6 |       0 |   0.0
            +---------+---------+-------+---------+---------+-------
